[Event "Early-Titled-Tuesday-Blitz-May-28-2024"]
[Site "Chess.com"]
[Date "2024.05.28"]
[Round "1"]
[White "Casper"]
[Black "vladislavkovalev"]
[Result "0-1"]
[WhiteElo "2510"]
[BlackElo "2912"]
[TimeControl "180+1"]
[EndTime "8:01:45 PDT"]
[Termination "vladislavkovalev won by resignation"]

1. e4 e5 2. Nf3 Nc6 3. d4 exd4 4. Nxd4 Qf6 5. Nxc6 Bc5 6. Qe2 dxc6 7. e5 Qg6 8. Nc3 Bf5 9. Be3 Bxe3 10. Qxe3 Bxc2 11.
Rc1 Ne7 12. Bc4 Qxg2 13. Kd2 Bg6 14. Rhg1 O-O-O+ 15. Ke2 Bh5+ 0-1

[Event "Early-Titled-Tuesday-Blitz-May-28-2024"]
[Site "Chess.com"]
[Date "2024.05.28"]
[Round "1"]
[White "krstulov_alex"]
[Black "ZachHKL"]
[Result "1-0"]
[WhiteElo "2652"]
[BlackElo "2345"]
[TimeControl "180+1"]
[EndTime "8:01:48 PDT"]
[Termination "krstulov_alex won by resignation"]

1. e4 c5 2. Ne2 d6 3. g3 g6 4. Bg2 Bg7 5. O-O Nf6 6. d3 O-O 7. c3 e5 8. Nd2 Nc6 9. a4 a6 10. Nc4 Be6 11. b3 Qc7 12. Bg5 b5 13. Na3 bxa4 14.
bxa4 Nd7 15. Nc4 Bxc4 16. dxc4 Nb6 17. Qd3 Na5 18. Rfd1 Naxc4 19. a5 Nb2 20. axb6 Qb7 21. Qd5 Nxd1 22. Qxb7 1-0

[Event "Early-Titled-Tuesday-Blitz-May-28-2024"]
[Site "Chess.com"]
[Date "2024.05.28"]
[Round "1"]
[White "Orest_Vovk"]
[Black "WolfBaoBaoLang"]
[Result "1-0"]
[WhiteElo "2561"]
[BlackElo "2036"]
[TimeControl "180+1"]
[EndTime "8:01:57 PDT"]
[Termination "Orest_Vovk won by checkmate"]

1. h4 d5 2. h5 Nf6 3. Nc3 h6 4. e4 dxe4 5. Qe2 Nc6 6. Nxe4 e5 7. Nf3 Be7 8. Nxf6+ Bxf6 9. Qe4 O-O 10. Bd3 Re8 11. Qh7+ Kf8 12. b3 e4 13. Ba3+ Ne7 14. Qh8# 1-0

[Event "Early-Titled-Tuesday-Blitz-May-28-2024"]
[Site "Chess.com"]
[Date "2024.05.28"]
[Round "1"]
[White "Nekoo04"]
[Black "Kildepiotr"]
[Result "0-1"]
[WhiteElo "2420"]
[BlackElo "2744"]
[TimeControl "180+1"]
[EndTime "8:02:30 PDT"]
[Termination "Kildepiotr won by resignation"]

1. d4 c5 2. d5 e5 3. e4 d6 4. Nc3 Be7 5. Bb5+ Nd7 6. f4 exf4 7. Bxf4 a6 8. Bd3 Bf6 9. Nf3 Qb6 10. Rb1 Ne7 11.
Qe2 Ng6 12. Be3 Bxc3+ 0-1

[Event "Early-Titled-Tuesday-Blitz-May-28-2024"]
[Site "Chess.com"]
[Date "2024.05.28"]
[Round "1"]
[White "Mr_ruthless"]
[Black "Chessmissile07"]
[Result "0-1"]
[WhiteElo "2473"]
[BlackElo "2849"]
[TimeControl "180+1"]
[EndTime "8:02:40 PDT"]
[Termination "Chessmissile07 won by resignation"]

1. d4 a6 2. e4 d6 3. Nc3 g6 4.
Nf3 Bg7 5. a4 Nf6 6. Bc4 O-O 7.
O-O Nxe4 8. Nxe4 d5 9. Bd3 dxe4 10. Bxe4 Nc6 11. c3 e5 12. Bxc6 bxc6 13. dxe5 Qxd1 14. Rxd1 Bg4 15. Bf4 Rfe8 16. Rd7 Bxd7 0-1

[Event "Early-Titled-Tuesday-Blitz-May-28-2024"]
[Site "Chess.com"]
[Date "2024.05.28"]
[Round "1"]
[White "Shuvalov"]
[Black "Szachulec75"]
[Result "1-0"]
[WhiteElo "2581"]
[BlackElo "2169"]
[TimeControl "180+1"]
[EndTime "8:03:00 PDT"]
[Termination "Shuvalov won by resignation"]

1. d4 Nf6 2. c4 g6 3. Nc3 Bg7 4. e4 d6 5. Nf3 O-O 6. Be2 Bg4 7. Be3 Nfd7 8. Ng1 Bxe2 9. Ngxe2 e5 10. O-O a6 11. Qd2 Nc6 12. d5 Ne7 13. f3 f5 14.
b4 f4 15. Bf2 g5 16. c5 Ng6 17. c6 bxc6 18. dxc6 Nf6 19. Nd5 Kh8 20. Nec3 h5 21. a4 g4 22. Kh1 Nxd5 23. Nxd5 Rb8 24. Rab1 Rc8 25. Bg1 1-0

[Event "Early-Titled-Tuesday-Blitz-May-28-2024"]
[Site "Chess.com"]
[Date "2024.05.28"]
[Round "1"]
[White "Kostya0705"]
[Black "larsmandreassen"]
[Result "1-0"]
[WhiteElo "2589"]
[BlackElo "2210"]
[TimeControl "180+1"]
[EndTime "8:03:01 PDT"]
[Termination "Kostya0705 won by resignation"]

1. e4 d5 2. exd5 Nf6 3. d4 Bg4 4. Nf3 Qxd5 5. Be2 e6 6. c4 Bb4+ 7. Bd2 Bxd2+ 8. Nbxd2 Qd8 9. O-O O-O 10. h3 Bh5 11.
Qb3 b6 12. Rad1 c6 13. Rfe1 Nbd7 14. Ne5 Bxe2 15. Rxe2 Qc7 16. f4 Rad8 17. Ndf3 g6 18. Qe3 Nh5 19. g4 Ng7 20. Ng5 Nxe5 21. fxe5 c5 22.
Ne4 cxd4 23. Nf6+ Kh8 24. Qh6 1-0

[Event "Early-Titled-Tuesday-Blitz-May-28-2024"]
[Site "Chess.com"]
[Date "2024.05.28"]
[Round "1"]
[White "David_Arutinian"]
[Black "Al_Shima"]
[Result "1-0"]
[WhiteElo "2851"]
[BlackElo "2476"]
[TimeControl "180+1"]
[EndTime "8:03:06 PDT"]
[Termination "David_Arutinian won by resignation"]

1. Nf3 Nf6 2. c4 c5 3. d4 Nc6 4.
d5 Nd4 5. Nxd4 cxd4 6. Qxd4 d6 7. Nc3 e5 8. dxe6 Bxe6 9. e4 Be7 10. Be2 Qc7 11.
Be3 a6 12. O-O O-O 13. Rac1 Qa5 14. b3 Nd7 15. Rfd1 Ne5 16. Qd2 Nc6 17. Nd5 Qxd2 18. Nxe7+ Nxe7 19. Rxd2 Rfd8 20. Rcd1 b5 21. cxb5 axb5 22.
Bxb5 Rxa2 23. Rxa2 Bxb3 24. Rad2 Bxd1 25. Rxd1 d5 26.
exd5 Rxd5 27. Rxd5 Nxd5 28. Bd4 1-0

[Event "Early-Titled-Tuesday-Blitz-May-28-2024"]
[Site "Chess.com"]
[Date "2024.05.28"]
[Round "1"]
[White "betta2004"]
[Black "chessamical"]
[Result "0-1"]
[WhiteElo "2591"]
[BlackElo "2294"]
[TimeControl "180+1"]
[EndTime "8:03:10 PDT"]
[Termination "chessamical won by resignation"]

1. d4 d5 2. Nc3 Nf6 3. Bf4 c5 4. e3 cxd4 5. exd4 Bg4 6. Be2 Bxe2 7. Qxe2 Nc6 8. Nf3 e6 9. O-O Bd6 10. Bg3 Bxg3 11. hxg3 O-O 12. Rad1 Rc8 13. Ne5 Nxe5 14. dxe5 Nd7 15. f4 Qb6+ 16. Kh2 Qxb2 17. Nb1 Rxc2 18.
Qf3 f5 19. Na3 Rc3 0-1

[Event "Early-Titled-Tuesday-Blitz-May-28-2024"]
[Site "Chess.com"]
[Date "2024.05.28"]
[Round "1"]
[White "DenLaz"]
[Black "killer_dreams"]
[Result "1-0"]
[WhiteElo "3109"]
[BlackElo "2548"]
[TimeControl "180+1"]
[EndTime "8:03:24 PDT"]
[Termination "DenLaz won by resignation"]

1. d4 Nf6 2. c4 e6 3. Nf3 d5 4.
g3 Be7 5. Bg2 O-O 6. O-O c6 7. b3 b6 8. Qc2 a5 9. Rd1 Ba6 10.
Nbd2 c5 11. Bb2 Nc6 12. dxc5 bxc5 13. Ne5 Nxe5 14. Bxe5 Rc8 15. cxd5 exd5 16. Nc4 d4 17. e3 Nd5 18. exd4 Nb4 19. Qf5 cxd4 20. Rxd4 Qe8 21.
Bxg7 Kxg7 22. Rg4+ Kh8 23. Be4 1-0

[Event "Early-Titled-Tuesday-Blitz-May-28-2024"]
[Site "Chess.com"]
[Date "2024.05.28"]
[Round "1"]
[White "Cheer_Down"]
[Black "KuzubovYuriy"]
[Result "0-1"]
[WhiteElo "2500"]
[BlackElo "2899"]
[TimeControl "180+1"]
[EndTime "8:03:31 PDT"]
[Termination "KuzubovYuriy won by resignation"]

1. e4 c5 2. Nf3 Nc6 3. d4 cxd4 4.
Nxd4 g6 5. c4 Nf6 6. Nc3 d6 7.
f3 Bg7 8. Be3 O-O 9. Qd2 Nxd4 10.
Bxd4 Bd7 11. O-O-O Rc8 12. Kb1 a6 13. Nd5 Nxd5 14.
cxd5 Bxd4 15. Qxd4 Qa5 16. h4 h5 17. g4 hxg4 18.
h5 g5 19. h6 f6 20. fxg4 Qc5 21. Qd2 Ba4 22. b3 Bd7 23. Rh5 Qc3 24. Rxg5+ fxg5 25. Qxg5+ Kh8 26. e5 0-1

[Event "Early-Titled-Tuesday-Blitz-May-28-2024"]
[Site "Chess.com"]
[Date "2024.05.28"]
[Round "1"]
[White "ManMish2"]
[Black "hsd2016"]
[Result "0-1"]
[WhiteElo "2701"]
[BlackElo "2415"]
[TimeControl "180+1"]
[EndTime "8:03:39 PDT"]
[Termination "hsd2016 won by resignation"]

1. e4 e5 2. Nf3 Nc6 3. Bb5 a6 4. Ba4 Nf6 5. O-O b5 6. Bb3 Bc5 7. c3 O-O 8. d4 Bb6 9. Re1 exd4 10. e5 Ng4 11. Bg5 Qe8 12. cxd4 h6 13. Bh4 h5 14. Bg5 Na5 15. h3 Nxb3 16. axb3 Nh6 17. Bxh6 gxh6 18.
Nc3 Bb7 19. Nh4 f6 20. exf6 Qf7 21. Nf5 Qxf6 22. Ne7+ Kh8 23. Qxh5 Qxf2+ 0-1

[Event "Early-Titled-Tuesday-Blitz-May-28-2024"]
[Site "Chess.com"]
[Date "2024.05.28"]
[Round "1"]
[White "AlexPapasimakopoulos"]
[Black "MNyuyu"]
[Result "1-0"]
[WhiteElo "2615"]
[BlackElo "2300"]
[TimeControl "180+1"]
[EndTime "8:03:51 PDT"]
[Termination "AlexPapasimakopoulos won by resignation"]

1. d4 d5 2. c4 e6 3. Nc3 h6 4.
g3 Nf6 5. Bg2 Bd6 6. Nf3 O-O 7.
c5 Be7 8. Bf4 c6 9. O-O Nbd7 10.
b4 Re8 11. a4 a6 12. Qc2 Nf8 13. b5 N6d7 14. b6 Bf6 15. Bc7 Qe7 16. e4 e5 17. Bd6 Qe6 18. exd5 cxd5 19. dxe5 Nxe5 20. Nd4 Qg4 21. Rad1 Nc6 22. Nxc6 bxc6 23. Nxd5 cxd5 24. Bxd5 Bf5 25. Qb3 Be4 26. Bxf7+ Kh8 27. f3 Qh3 28. fxe4 Rxe4 29. Qf3 Bd4+ 30. Kh1 Re3 31. Qxa8 1-0

[Event "Early-Titled-Tuesday-Blitz-May-28-2024"]
[Site "Chess.com"]
[Date "2024.05.28"]
[Round "1"]
[White "artooon"]
[Black "Djager97"]
[Result "1-0"]
[WhiteElo "3082"]
[BlackElo "2545"]
[TimeControl "180+1"]
[EndTime "8:03:56 PDT"]
[Termination "artooon won by resignation"]

1. e4 e5 2. Nf3 Nc6 3. Bc4 Bc5 4. c3 Nf6 5. d4 exd4 6. b4 Be7 7. e5 Ne4 8. b5 Na5 9. Bd3 Nxc3 10. Nxc3 dxc3 11. Qa4 b6 12. Qg4 O-O 13. Bh6 g6 14. Bxf8 Bxf8 15. O-O Bb7 16. Be4 c6 17. Rad1 Qe7 18.
Rxd7 Qb4 19. e6 1-0

[Event "Early-Titled-Tuesday-Blitz-May-28-2024"]
[Site "Chess.com"]
[Date "2024.05.28"]
[Round "1"]
[White "ViktoriyaTarasova"]
[Black "The_Sherman_Variation"]
[Result "1-0"]
[WhiteElo "2361"]
[BlackElo "2636"]
[TimeControl "180+1"]
[EndTime "8:03:56 PDT"]
[Termination "ViktoriyaTarasova won on time"]

1. d4 d5 2. c4 e6 3. Nc3 Be7 4. cxd5 exd5 5. Bf4 Nf6 6. e3 O-O 7. Bd3 Re8 8. Nge2 c6 9. h3 Bd6 10. Qc2 a5 11. O-O Na6 12. a3 Nc7 13. Rae1 Ne6 14. Bxd6 Qxd6 15. Ng3 1-0

[Event "Early-Titled-Tuesday-Blitz-May-28-2024"]
[Site "Chess.com"]
[Date "2024.05.28"]
[Round "1"]
[White "wonderfultime"]
[Black "EgorYakovlev"]
[Result "1-0"]
[WhiteElo "3026"]
[BlackElo "2533"]
[TimeControl "180+1"]
[EndTime "8:03:57 PDT"]
[Termination "wonderfultime won by resignation"]

1. d4 Nf6 2. Nf3 c5 3. c3 b6 4. Bf4 Bb7 5. e3 g6 6. h3 Bg7 7. Nbd2 O-O 8. Bd3 d6 9. Qe2 Nbd7 10. Bh2 Re8 11. O-O a6 12. a4 e5 13. dxe5 dxe5 14. e4 Qe7 15. Rfd1 Nh5 16. Bc4 Nf4 17. Qf1 Nf6 18.
Re1 Red8 19. Bxf4 exf4 20. e5 Nd5 21. Ne4 Nc7 22. Nd6 Ne6 23. Qe2 Ng5 24. Nxb7 1-0

[Event "Early-Titled-Tuesday-Blitz-May-28-2024"]
[Site "Chess.com"]
[Date "2024.05.28"]
[Round "1"]
[White "Budisavljevic"]
[Black "Andrii_Prydun"]
[Result "1-0"]
[WhiteElo "2743"]
[BlackElo "2418"]
[TimeControl "180+1"]
[EndTime "8:03:58 PDT"]
[Termination "Budisavljevic won by resignation"]

1. d4 Nf6 2. Nf3 e6 3. Bf4 Bd6 4.
e3 Bxf4 5. exf4 d6 6. Nc3 O-O 7. Bd3 b6 8. Qe2 Bb7 9. O-O-O Nbd7 10. Rhg1 Nd5 11. Nxd5 Bxd5 12. Kb1 Qc8 13. c4 Bc6 14. g4 Qb7 15. Rg3 a6 16. Rh3 g6 17. Ng5 Nf6 18. f5 exf5 19. gxf5 Rae8 20. Qd2 Ne4 21. Nxe4 Bxe4 22.
Qh6 Bxd3+ 23. Ka1 1-0

[Event "Early-Titled-Tuesday-Blitz-May-28-2024"]
[Site "Chess.com"]
[Date "2024.05.28"]
[Round "1"]
[White "SoCalJuniorChess"]
[Black "xasid81"]
[Result "0-1"]
[WhiteElo "2212"]
[BlackElo "2592"]
[TimeControl "180+1"]
[EndTime "8:03:58 PDT"]
[Termination "xasid81 won by resignation"]

1. d4 Nf6 2. Nc3 e6 3. Bf4 c5 4. dxc5 Bxc5 5. Bd6 Qb6 6. Bxc5 Qxc5 7. e3 d5 8. Nf3 Nc6 9. Be2 Qb4 10. Rb1 O-O 11.
O-O Rd8 12. Nd4 e5 13. Nxc6 bxc6 14. a3 Qd6 15. Na4 c5 16. c4 d4 17. b4 cxb4 18.
axb4 d3 19. Bf3 e4 20. c5 Qe5 21. b5 exf3 22. Qxf3 Bg4 23. Qb7 Be2 24. Rfe1 d2 0-1

[Event "Early-Titled-Tuesday-Blitz-May-28-2024"]
[Site "Chess.com"]
[Date "2024.05.28"]
[Round "1"]
[White "banane_verte"]
[Black "jcibarra"]
[Result "0-1"]
[WhiteElo "2502"]
[BlackElo "2902"]
[TimeControl "180+1"]
[EndTime "8:04:00 PDT"]
[Termination "jcibarra won by resignation"]

1. e4 c5 2. Nf3 e6 3. g3 Nc6 4. Bg2 Nf6 5. Qe2 e5 6. O-O Be7 7. c3 O-O 8. Rd1 d5 9. exd5 Qxd5 10. d3 Bg4 11. Bg5 e4 12. dxe4 Qxg5 13. Nxg5 Bxe2 14. Re1 Bg4 15. Na3 Nd7 16. Nf3 Nde5 17. Nxe5 Nxe5 18.
Re3 Rad8 19. f3 c4 20. Nb5 Bc5 21. Nd4 Rxd4 22. cxd4 Bxd4 23. Kf2 Be6 24. Rd1 Nd3+ 25. Ke2 Bxe3 26. Kxe3 Nxb2 27. Rb1 c3 0-1

[Event "Early-Titled-Tuesday-Blitz-May-28-2024"]
[Site "Chess.com"]
[Date "2024.05.28"]
[Round "1"]
[White "luggevoila"]
[Black "Cubitas"]
[Result "1-0"]
[WhiteElo "2347"]
[BlackElo "2622"]
[TimeControl "180+1"]
[EndTime "8:04:07 PDT"]
[Termination "luggevoila won by resignation"]

1. e4 c5 2. Nf3 d6 3. Bb5+ Bd7 4. a4 Nc6 5. O-O g6 6. c3 Bg7 7. d4 cxd4 8. cxd4 a6 9. Be2 e5 10. d5 Nb4 11. Nc3 Ne7 12. Qb3 a5 13. Bd2 O-O 14.
Nb5 Bxb5 15. axb5 f5 16. Ng5 Qb6 17. Ne6 Rfc8 18. Be3 Rc5 19. Bxc5 dxc5 20. d6 Nc8 21. Ng5+ 1-0

[Event "Early-Titled-Tuesday-Blitz-May-28-2024"]
[Site "Chess.com"]
[Date "2024.05.28"]
[Round "1"]
[White "Sawatdeekhrap"]
[Black "Veleamater"]
[Result "1-0"]
[WhiteElo "2780"]
[BlackElo "2439"]
[TimeControl "180+1"]
[EndTime "8:04:08 PDT"]
[Termination "Sawatdeekhrap won by resignation"]

1. e4 d6 2. d4 g6 3. Nc3 Bg7 4.
Be3 Nf6 5. f3 Nc6 6. g4 a6 7. d5 Ne5 8. g5 Nh5 9. Be2 f5 10. f4 Ng4 11. Bd4 e5 12. dxe6 Bxe6 13. exf5 Bxf5 14. Bxg7 Nxg7 15. Bxg4 O-O 16. Bxf5 Nxf5 17.
Qd2 Re8+ 18. Nge2 Ne3 19. Nd5 Ng2+ 20. Kf2 Nh4 21. Nf6+ Kf7 22. Nxe8 Qxe8 23. Qd5+ Kg7 24. Rae1 Qa4 25. Qd4+ Qxd4+ 26. Nxd4 1-0

[Event "Early-Titled-Tuesday-Blitz-May-28-2024"]
[Site "Chess.com"]
[Date "2024.05.28"]
[Round "1"]
[White "GOGIEFF"]
[Black "Viacheslav92"]
[Result "1-0"]
[WhiteElo "3008"]
[BlackElo "2527"]
[TimeControl "180+1"]
[EndTime "8:04:16 PDT"]
[Termination "GOGIEFF won by resignation"]

1. d4 Nf6 2. c4 e6 3. Nf3 d5 4.
Nc3 Be7 5. Bf4 O-O 6. a3 c5 7.
dxc5 Bxc5 8. e3 Nc6 9. Be2 dxc4 10. Qc2 Nd5 11. O-O-O Nxc3 12. Rxd8 Nxe2+ 13. Qxe2 Rxd8 14. Qxc4 Be7 15. Rd1 Bd7 16. Bc7 b5 17. Qf4 e5 18.
Qe4 Be8 19. Bxd8 Bxd8 20. Nxe5 Rc8 21. Kb1 Bf6 22. Nxc6 Bxc6 23. Qg4 Re8 24. Rc1 Bd5 25. Rc8 Be4+ 26. Ka1 Bd8 27. Qxe4 1-0

[Event "Early-Titled-Tuesday-Blitz-May-28-2024"]
[Site "Chess.com"]
[Date "2024.05.28"]
[Round "1"]
[White "Caracal3000"]
[Black "BogdanDeac"]
[Result "0-1"]
[WhiteElo "2549"]
[BlackElo "3127"]
[TimeControl "180+1"]
[EndTime "8:04:18 PDT"]
[Termination "BogdanDeac won by resignation"]

1. e4 c6 2. Nc3 d5 3. Nf3 dxe4 4.
Nxe4 Nf6 5. Qe2 Na6 6. d4 Qd5 7.
Nxf6+ gxf6 8. c3 Bg4 9. h3 Bxf3 10. Qxf3 Qxf3 11. gxf3 Nc7 12. Be3 e6 13. O-O-O Bd6 14. Bd3 f5 15. Rhg1 Ke7 16. Bg5+ Kd7 17. Rg2 Rag8 18.
Rdg1 Rg6 19. Bh4 Rh6 20. Bg5 Rxh3 21. Bf6 Rf8 22. Rg7 Ne8 0-1

[Event "Early-Titled-Tuesday-Blitz-May-28-2024"]
[Site "Chess.com"]
[Date "2024.05.28"]
[Round "1"]
[White "Actuary44"]
[Black "The_Machine04"]
[Result "0-1"]
[WhiteElo "2461"]
[BlackElo "2817"]
[TimeControl "180+1"]
[EndTime "8:04:20 PDT"]
[Termination "The_Machine04 won by resignation"]

1. e4 d6 2. d4 Nf6 3. Nc3 e5 4. d5 Be7 5. Be3 c6 6. dxc6 bxc6 7. f3 O-O 8. Qd2 d5 9. exd5 cxd5 10. Bg5 d4 11.
Bxf6 Bxf6 12. Ne4 Be7 13. Bc4 Nc6 14. O-O-O Rb8 15. h4 Qb6 16. Bb3 a5 17. a4 Be6 18.
Qd3 Nb4 19. Qb5 Qxb5 20. axb5 Bxb3 21. cxb3 Rfc8+ 22. Kb1 f5 23. Ng3 g6 24. f4 Bf6 25. h5 exf4 26. N3e2 d3 27. Nxf4 Rc2 28. Nxd3 Rxg2 29. hxg6 hxg6 30. Nf3 Nxd3 31. Rxd3 Rxb2+ 32. Kc1 Rc8+ 33. Kd1 Rb1+ 0-1

[Event "Early-Titled-Tuesday-Blitz-May-28-2024"]
[Site "Chess.com"]
[Date "2024.05.28"]
[Round "1"]
[White "ahkashefi2800"]
[Black "jamesaltucher"]
[Result "1-0"]
[WhiteElo "2567"]
[BlackElo "2045"]
[TimeControl "180+1"]
[EndTime "8:04:20 PDT"]
[Termination "ahkashefi2800 won by resignation"]

1. e4 e6 2. d4 d5 3. exd5 exd5 4. Nf3 Nc6 5. Bb5 Bd6 6. O-O Ne7 7. Re1 O-O 8. c3 Bg4 9. h3 Bh5 10. Nbd2 f6 11. Nf1 Qd7 12. Ng3 Bg6 13. Bd3 Rfe8 14. Bxg6 Nxg6 15. Be3 Nf4 16. Bxf4 Bxf4 17. Qb3 b6 18. Qa4 Bxg3 19. fxg3 Qd6 20. Kh2 a6 21.
Rxe8+ Rxe8 22. Qxa6 Re2 23. Qxe2 1-0

[Event "Early-Titled-Tuesday-Blitz-May-28-2024"]
[Site "Chess.com"]
[Date "2024.05.28"]
[Round "1"]
[White "XeresLt"]
[Black "Iball95"]
[Result "0-1"]
[WhiteElo "2478"]
[BlackElo "2856"]
[TimeControl "180+1"]
[EndTime "8:04:26 PDT"]
[Termination "Iball95 won by resignation"]

1. e4 c5 2. Nf3 e6 3. d4 cxd4 4.
Nxd4 Nf6 5. Nc3 Nc6 6. Be3 Bb4 7.
Bd3 d5 8. exd5 Nxd5 9. Nxc6 bxc6 10. Bd2 O-O 11. Qh5 g6 12. Qh6 Qf6 13. Nxd5 Bxd2+ 14. Qxd2 cxd5 15. c3 a5 16. a4 Ba6 17. Bxa6 Rxa6 18.
O-O Rc8 19. Rfc1 Rac6 20. Qd3 Rc4 21. Ra3 h5 22. Rd1 d4 23. cxd4 Rxd4 24. Qf1 Rxd1 25. Qxd1 Qxb2 26. Ra1 Kg7 27. h4 Rc4 28. g3 Qd4 29.
Qe1 Rxa4 30. Rxa4 Qxa4 31. Qe5+ Kh7 32. Qc7 Qd1+ 33. Kh2 Qf3 34. Qxa5 Qxf2+ 35. Kh3 Qf5+ 36. Qxf5 gxf5 0-1

[Event "Early-Titled-Tuesday-Blitz-May-28-2024"]
[Site "Chess.com"]
[Date "2024.05.28"]
[Round "1"]
[White "ubdip"]
[Black "atbenina64"]
[Result "0-1"]
[WhiteElo "2455"]
[BlackElo "2805"]
[TimeControl "180+1"]
[EndTime "8:04:28 PDT"]
[Termination "atbenina64 won by checkmate"]

1. c4 Nf6 2. Nc3 g6 3. Nf3 Bg7 4. e4 e5 5. Be2 O-O 6. O-O Nc6 7. a3 a5 8. Rb1 d6 9. b4 axb4 10. axb4 Bg4 11. d3 Nd7 12. Nd5 Bxf3 13. Bxf3 Nd4 14.
Bg4 f5 15. Bh3 c6 16. Nc3 Qh4 17. Be3 Ra3 18. Bxd4 exd4 19. Ne2 Ne5 20. exf5 Rxd3 21. Qc2 Rxh3 22. gxh3 d3 23. Qb3 Qxh3 24. c5+ d5 25. f4 Ng4 26. Rfe1 Qxh2+ 27. Kf1 Qf2# 0-1

[Event "Early-Titled-Tuesday-Blitz-May-28-2024"]
[Site "Chess.com"]
[Date "2024.05.28"]
[Round "1"]
[White "HansOnTwitch"]
[Black "Truequitos"]
[Result "1-0"]
[WhiteElo "3138"]
[BlackElo "2550"]
[TimeControl "180+1"]
[EndTime "8:04:30 PDT"]
[Termination "HansOnTwitch won by resignation"]

1. e4 e6 2. d4 d5 3. Nc3 h6 4.
Bd3 Nc6 5. Nf3 Nb4 6. Bb5+ c6 7. Be2 Nf6 8. e5 Ne4 9. O-O c5 10. Be3 Nc6 11. dxc5 Nxc3 12. bxc3 Qa5 13. Rb1 a6 14. Nd4 Nxe5 15. f4 Nc4 16. Bxc4 dxc4 17. c6 b5 18. f5 e5 19. Ne6 fxe6 20. Qh5+ Kd8 21. Qf7 Bd6 22.
Rbd1 1-0

[Event "Early-Titled-Tuesday-Blitz-May-28-2024"]
[Site "Chess.com"]
[Date "2024.05.28"]
[Round "1"]
[White "Lily_Schirmbeck"]
[Black "Muracle"]
[Result "0-1"]
[WhiteElo "1701"]
[BlackElo "2553"]
[TimeControl "180+1"]
[EndTime "8:04:45 PDT"]
[Termination "Muracle won by resignation"]

1. d4 d5 2. c4 dxc4 3. Nc3 Nf6 4. e4 e5 5. Nf3 exd4 6. Qxd4 Qxd4 7. Nxd4 Bc5 8. Nf3 Be6 9. e5 Nfd7 10. Bf4 c6 11.
O-O-O b5 12. Ne4 Be7 13. a4 Nc5 14. Nxc5 Bxc5 15. axb5 cxb5 16. Bg3 Nc6 17. b3 O-O 18. Ng5 Ba3+ 19. Kb1 Bf5+ 20. Ka2 Bc5 21. bxc4 Nb4+ 22. Kb3 Bc2+ 23. Kb2 Bxd1 0-1

[Event "Early-Titled-Tuesday-Blitz-May-28-2024"]
[Site "Chess.com"]
[Date "2024.05.28"]
[Round "1"]
[White "AryanTari"]
[Black "zajka-molotok"]
[Result "1-0"]
[WhiteElo "3061"]
[BlackElo "2541"]
[TimeControl "180+1"]
[EndTime "8:04:47 PDT"]
[Termination "AryanTari won by resignation"]

1. e4 e6 2. d4 d5 3. Nc3 Nf6 4.
e5 Nfd7 5. Nce2 c5 6. c3 Nc6 7. f4 b5 8. Nf3 b4 9. Be3 a5 10. Ng3 g6 11. Be2 Ba6 12. Bxa6 Rxa6 13. O-O Be7 14.
Qe2 Ra8 15. c4 cxd4 16. cxd5 exd5 17. Nxd4 Nxd4 18. Bxd4 Bc5 19. Bxc5 Nxc5 20. Qb5+ Nd7 21. Qxd5 O-O 22. Ne4 Kh8 23. Rad1 Nb6 24. Qc6 Qb8 25. Ng5 Qa7 26. Kh1 Rac8 27. Qf6+ Kg8 28. e6 fxe6 29.
Qxe6+ Kh8 30. Qe5+ Qg7 31. Qxg7+ Kxg7 32. Ne6+ 1-0

[Event "Early-Titled-Tuesday-Blitz-May-28-2024"]
[Site "Chess.com"]
[Date "2024.05.28"]
[Round "1"]
[White "AnishOnYoutube"]
[Black "Hananmo"]
[Result "1-0"]
[WhiteElo "3049"]
[BlackElo "2537"]
[TimeControl "180+1"]
[EndTime "8:04:47 PDT"]
[Termination "AnishOnYoutube won by resignation"]

1. Nf3 g6 2. c4 Bg7 3. Nc3 c5 4. g3 Nf6 5. Bg2 O-O 6. O-O Nc6 7. d4 cxd4 8. Nxd4 Nxd4 9. Qxd4 d6 10. Qd3 a6 11.
Bd2 Nd7 12. b3 Nc5 13. Qc2 Rb8 14. Rac1 b5 15. cxb5 axb5 16. Nd5 Bb7 17. Bg5 Re8 18. Rfd1 Ne6 19. Be3 Qa5 20. Qd2 Qxd2 21. Rxd2 Kf8 22. Nb4 Bxg2 23. Kxg2 Rec8 24. Rdc2 Rxc2 25. Rxc2 Ke8 26.
f4 Kd7 27. Nd5 Rb7 28. Kf3 Nd4+ 29. Bxd4 Bxd4 30. e3 Bg7 31. e4 e6 32. Nb4 Bd4 33. g4 Ra7 34. Nc6 1-0

[Event "Early-Titled-Tuesday-Blitz-May-28-2024"]
[Site "Chess.com"]
[Date "2024.05.28"]
[Round "1"]
[White "Alphafischer2019"]
[Black "unbreakablepawn35"]
[Result "1-0"]
[WhiteElo "2682"]
[BlackElo "2378"]
[TimeControl "180+1"]
[EndTime "8:04:53 PDT"]
[Termination "Alphafischer2019 won by resignation"]

1. Nf3 Nf6 2. g3 g6 3. Bg2 Bg7 4. b3 O-O 5. Bb2 d6 6. c4 Nbd7 7. d4 c6 8. O-O Re8 9. Nc3 e5 10. dxe5 Nxe5 11. Nd4 Qc7 12. Qd2 a5 13. Rad1 Bd7 14.
h3 Be6 15. f4 Ned7 16. e4 Rad8 17. f5 Nc5 18. fxe6 Nxe6 19. Nxe6 Rxe6 20. Rf2 Rde8 21. Rdf1 Nh5 22. Kh2 d5 23. cxd5 Nxg3 24. Kg1 Nxf1 25.
Rxf1 cxd5 26. Nxd5 Qc5+ 27. Kh1 Bxb2 28. Qxb2 Rc8 29.
Nf6+ 1-0

[Event "Early-Titled-Tuesday-Blitz-May-28-2024"]
[Site "Chess.com"]
[Date "2024.05.28"]
[Round "1"]
[White "Felix-Rose"]
[Black "dmosesov"]
[Result "0-1"]
[WhiteElo "2331"]
[BlackElo "2642"]
[TimeControl "180+1"]
[EndTime "8:04:54 PDT"]
[Termination "dmosesov won by resignation"]

1. e4 e5 2. Nf3 Nc6 3. Nc3 Nf6 4. Bb5 Bd6 5. Bxc6 dxc6 6. d3 h6 7. O-O O-O 8. Ne2 Nh5 9. Kh1 f5 10. exf5 Bxf5 11. b3 e4 12. dxe4 Bxe4 13. Nfg1 Qh4 14. h3 Rxf2 15. Nf3 Bxf3 16. Rxf2 Qxf2 0-1

[Event "Early-Titled-Tuesday-Blitz-May-28-2024"]
[Site "Chess.com"]
[Date "2024.05.28"]
[Round "1"]
[White "toniv1"]
[Black "GeorgiosSouleidis"]
[Result "0-1"]
[WhiteElo "2242"]
[BlackElo "2602"]
[TimeControl "180+1"]
[EndTime "8:05:03 PDT"]
[Termination "GeorgiosSouleidis won by resignation"]

1. e3 d5 2. b3 e5 3. Bb2 Bd6 4. Nf3 Nd7 5. d4 e4 6. c4 exf3 7. Qxf3 Ndf6 8. Nc3 c6 9. h3 Ne7 10. cxd5 Nexd5 11. Bc4 Bb4 12. Rc1 Qa5 13. e4 Nxc3 14.
Bxc3 Bxc3+ 15. Rxc3 O-O 16. e5 Ne4 0-1

[Event "Early-Titled-Tuesday-Blitz-May-28-2024"]
[Site "Chess.com"]
[Date "2024.05.28"]
[Round "1"]
[White "vi_pranav"]
[Black "Bilan_Danila"]
[Result "1-0"]
[WhiteElo "3039"]
[BlackElo "2536"]
[TimeControl "180+1"]
[EndTime "8:05:04 PDT"]
[Termination "vi_pranav won by resignation"]

1. e4 c6 2. d4 d5 3. e5 c5 4. Nf3 cxd4 5. Nxd4 Nc6 6. Nxc6 bxc6 7. Bd3 e6 8. O-O Ne7 9. Nd2 Ng6 10. Nf3 Be7 11.
Re1 O-O 12. g3 c5 13. h4 c4 14. Bf1 Re8 15. h5 Nf8 16. h6 g6 17. b3 Ba6 18. Nd4 Rc8 19. Bd2 c3 20. Bxa6 cxd2 21. Qxd2 Rc7 22. Bb5 Nd7 23. Nc6 Qc8 24. Nxe7+ Rxe7 25. Qg5 Qd8 26. c4 dxc4 27. bxc4 Re8 28. Qxd8 Rxd8 29. Rad1 Kf8 30. Rd6 Ke7 31. Red1 a6 32. Bxa6 Ra8 33. f4 Nc5 34. Bb5 Rxa2 35. Rd8 f6 36. Rh8 Rb7 37. Rxh7+ 1-0